 Dungeon Crawl Stone Soup version 0.32-a0-361-g289a535e89 (webtiles) character file.

Game seed: 5804899081532634464

3180 CougarLife the Geomancer (level 9, -9/45 HPs)
             Began as a Gargoyle Earth Elementalist on Feb 18, 2024.
             Mangled by a two-headed ogre
             ... wielding a +0 giant club
              (25 damage)
             ... on level 8 of the Dungeon.
             The game lasted 00:07:55 (6999 turns).

CougarLife the Geomancer (GrEE)                     Turns: 6999, Time: 00:07:56

Health: -9/45      AC:  9    Str: 13    XL:     9   Next: 95%
Magic:  10/20      EV: 11    Int: 19    God:
Gold:   410        SH:  0    Dex: 10    Spells: 19/23 levels left

rFire   . . .        o - staff of conjuration
rCold   . . .        (no shield)
rNeg    + . .        a - +0 robe
rPois   ∞            (no helmet)
rElec   +            n - +0 cloak
rCorr   .            (no gloves)
SInv    .            (no boots)
Will    .....        i - amulet of magic regeneration
Stlth   ++           (no ring)
HPRegen 0.27/turn    (no ring)
MPRegen 0.57/turn

%: no passive effects
@: studying Throwing
A: sickness immunity, AC +6, negative energy resistance 1, electricity
resistance, torment resistance 1, petrification resistance
a: no special abilities


You were on level 8 of the Dungeon.
You visited 2 branches of the dungeon, and saw 9 of its levels.

You collected 410 gold pieces.

Inventory:

Armour
 a - a +0 robe (worn)
 n - a +0 cloak (worn)
 G - a +2 robe of cold resistance
Magical Staves
 o - a staff of conjuration (weapon)
Jewellery
 i - an amulet of magic regeneration (around neck)
Wands
 p - a wand of roots (16)
Scrolls
 d - 2 scrolls of torment
 e - a scroll of poison {unknown}
 f - a scroll of vulnerability {unknown}
 h - 2 scrolls of revelation {unknown}
 q - 3 scrolls of teleportation
 r - a scroll of noise {unknown}
 s - a scroll of brand weapon {unknown}
 u - 2 scrolls of immolation
 w - a scroll of acquirement {unknown}
 y - a scroll of blinking {unknown}
 A - a scroll of enchant armour {unknown}
 B - a scroll of summoning {unknown}
 C - a scroll of fog {unknown}
 D - a scroll of fear {unknown}
 E - a scroll of amnesia {unknown}
 F - a scroll of identify
Potions
 b - a potion of magic
 c - 7 potions of haste
 g - 10 potions of curing
 j - a potion of might {unknown}
 k - 2 potions of heal wounds {unknown}
 l - 2 potions of attraction
 m - 2 potions of brilliance {unknown}
 t - a potion of resistance {unknown}
 v - 2 potions of lignification {unknown}
 x - a potion of ambrosia {unknown}
 z - a potion of enlightenment {unknown}


   Skills:
 - Level 1.5 Dodging
 - Level 2.1 Stealth
 + Level 7.5 Spellcasting
 + Level 8.6 Conjurations
 + Level 10.0 Earth Magic


You had 19 spell levels left.
You knew the following spells:

 Your Spells              Type           Power      Damage    Failure   Level
a - Sandblast             Erth           90%        2d19      1%          1
b - Stone Arrow           Conj/Erth      100%       3d13      1%          3

Your spell library contained the following spells:

 Spells                   Type           Power      Damage    Failure   Level
 Kiss of Death            Conj/Necr      100%       2d13      1%          1
 Passwall                 Erth           45%        N/A       1%          3
 Brom's Barrelling Bould  Conj/Erth      59%        2d7       1%          4
 Dazzling Flash           Conj/Hex       70%        N/A       4%          3
 Petrify                  Alch/Erth      26%        N/A       12%         4
 Fulminant Prism          Conj/Alch      17%        3d10      16%         4
 Volatile Blastmotes      Fire/Tloc      14%        2d11      28%         3
 Starburst                Conj/Fire      17%        6d6       94%         6
 Death Channel            Necr           3%         N/A       100%        6
 Borgnjor's Revivificati  Necr           3%         N/A       100%        8
 Maxwell's Capacitive Co  Air            3%         ∞         100%        8


Dungeon Overview and Level Annotations

Branches:
Dungeon (8/15)             Temple (1/1) D:7
   Lair: D:8-11

Altars:
Ashenzari
Cheibriados
Dithmenos
Elyvilon
Hepliaklqana
Kikubaaqudgha
Nemelex Xobeh
Okawaru
Qazlal
Ru
Sif Muna
Trog
Uskayaw
Wu Jian
Xom
Zin
The Shining One

Annotations:
D:8 2 transporters, DaftaChap's ghost, novice MDFE
Temple 4 transporters


Innate Abilities, Weirdness & Mutations

You are immune to sickness and miasma.
Your stone body is resilient. (AC +6)
You are immune to poison.
You resist negative energy. (rN+)
You are resistant to electric shocks. (rElec)
You are resistant to unholy torment.
You are immune to petrification.


Message History

You start resting.
A two-headed ogre comes into view. It is wielding two +0 giant clubs.
Items here: ) [[ †.
Casting: Stone Arrow (safe; 1% risk of failure)
Confirm with . or Enter, or press ? or * to list all spells.
Aiming: Stone Arrow (safe; 1% risk of failure)
Press: ? - help, Shift-Dir - straight line, f - two-headed ogre
Aim: a two-headed ogre, wielding two +0 giant clubs (wandering, hasn't noticed you, 89% to hit)
You feel a surge of power!
The stone arrow misses the two-headed ogre.
The two-headed ogre shouts in stereo!
Casting: Stone Arrow (safe; 1% risk of failure)
Confirm with . or Enter, or press ? or * to list all spells.
Aiming: Stone Arrow (safe; 1% risk of failure)
Press: ? - help, Shift-Dir - straight line, f/p - two-headed ogre
Aim: a two-headed ogre, wielding two +0 giant clubs (89% to hit)
You feel a surge of power!
The stone arrow hits the two-headed ogre!!
The two-headed ogre is heavily wounded.
The two-headed ogre hits you with a +0 giant club! x2
Casting: Stone Arrow (safe; 1% risk of failure)
Confirm with . or Enter, or press ? or * to list all spells.
Aiming: Stone Arrow (safe; 1% risk of failure)
Press: ? - help, Shift-Dir - straight line, f/p - two-headed ogre
Aim: a two-headed ogre, wielding two +0 giant clubs (heavily wounded, 89% to hit)
You feel a surge of power!
The stone arrow hits the two-headed ogre!!
The two-headed ogre is severely wounded.
Casting: Stone Arrow (safe; 1% risk of failure)
Confirm with . or Enter, or press ? or * to list all spells.
Aiming: Stone Arrow (safe; 1% risk of failure)
Press: ? - help, Shift-Dir - straight line, f/p - two-headed ogre
Aim: a two-headed ogre, wielding two +0 giant clubs (severely wounded, 89% to hit)
You feel a surge of power!
The stone arrow hits the two-headed ogre!
The two-headed ogre is almost dead.
The two-headed ogre closely misses you.
The two-headed ogre hits you with a +0 giant club!!
Ouch! That really hurt!
You die...

.. #.# #.## #.
####.####.## #.
#...)..##.#.
#####.####.##......†.
......>..............
#####..#.......<....
####..##.#######..#
#####..O..##.......#).#
#.....@......#####.....
#.###)###..###. .###...
#.# #..#©. . ##.#
#)###..#5.. #..
#......#...# #..
##....## #.. #.. #....#
.. ?5#..# .....# 5W#©..
##....# #!#..#


You could see a two-headed ogre.

Vanquished Creatures
  Pikel (D:8)
  Jeremiah (D:8)
  Psyche (D:8)
  A wyvern (D:7)
  2 sky beasts (D:7)
  2 ice beasts
  A black bear (D:6)
  An orc warrior (D:6)
  A centaur (D:8)
  An ogre (D:7)
  A phantom (D:5)
  A kobold brigand (D:6)
  3 bullfrogs
  3 scorpions (D:6)
  A wight (D:6)
  A bombardier beetle (D:5)
  4 hounds
  2 jellies
  2 orc priests
  A sleepcap (D:5)
  Jessica (D:2)
  Ijyb (D:4)
  2 iguanas
  Natasha (thrice) (D:2)
  2 orc wizards (D:5)
  A gnoll (D:4)
  4 adders
  2 white imps (D:6)
  2 ufetubi (D:6)
  4 ribbon worms
  3 dart slugs
  18 orcs
  6 ball pythons
  6 endoplasms
  A giant cockroach (D:3)
  8 goblins
  8 hobgoblins
  3 jackals (D:2)
  4 quokkas
  6 bats
  3 frilled lizards
  10 kobolds
  3 rats
132 creatures vanquished.

Notes
Turn   | Place    | Note
-------+----------+-------------------------------------------
     0 | D:1      | CougarLife the Gargoyle Earth Elementalist began the quest
                  | for the Orb.
     0 | D:1      | Reached XP level 1. HP: 10/10 MP: 3/3
   464 | D:1      | Reached XP level 2. HP: 15/15 MP: 3/5
   560 | D:1      | Reached skill level 4 in Earth Magic
   813 | D:1      | Reached XP level 3. HP: 19/19 MP: 3/6
  1356 | D:2      | Found a hide-covered altar of Uskayaw.
  1396 | D:2      | Reached XP level 4. HP: 24/24 MP: 6/8
  1499 | D:2      | Noticed Natasha
  1503 | D:2      | Killed Natasha
  1521 | D:2      | Noticed Natasha
  1524 | D:2      | Killed Natasha
  1525 | D:2      | Reached XP level 5. HP: 18/28 MP: 9/9
  1631 | D:2      | Learned a level 3 spell: Stone Arrow
  1711 | D:2      | Noticed Natasha
  1718 | D:2      | Killed Natasha
  1719 | D:2      | Reached skill level 5 in Earth Magic
  1743 | D:2      | Noticed Jessica
  1751 | D:2      | Killed Jessica
  2052 | D:3      | Found an ornate altar of the Wu Jian Council.
  2343 | D:3      | Found a broken altar of Ashenzari.
  2683 | D:4      | Reached XP level 6. HP: 32/32 MP: 11/11
  2810 | D:4      | Identified the orb of Kuusyr {guile, ^Contam rPois Regen+
                  | Necro}
  3220 | D:4      | Noticed an ice beast
  3224 | D:4      | Killed an ice beast
  3704 | D:4      | Noticed Ijyb
  3713 | D:4      | Killed Ijyb
  3906 | D:5      | Entered Level 5 of the Dungeon
  4001 | D:5      | Found a hide-covered altar of Uskayaw.
  4053 | D:5      | Identified the +3 quarterstaff of Kissing Quick Death
                  | {vamp, rPois Will+}
  4127 | D:5      | Reached skill level 6 in Earth Magic
  4127 | D:5      | Reached XP level 7. HP: 36/36 MP: 11/13
  4334 | D:5      | Found a shimmering blue altar of Sif Muna.
  4470 | D:5      | Reached skill level 5 in Conjurations
  5060 | D:6      | Reached skill level 5 in Spellcasting
  5060 | D:6      | Reached skill level 7 in Earth Magic
  5060 | D:6      | Reached XP level 8. HP: 35/41 MP: 13/15
  5497 | D:6      | Reached skill level 8 in Earth Magic
  5567 | D:6      | Got the Anthology of Blasphemous Rituals and Spagyria
  5785 | D:7      | Noticed a wyvern
  5790 | D:7      | Killed a wyvern
  5791 | D:7      | Reached XP level 9. HP: 45/45 MP: 9/18
  6142 | D:7      | Found a staircase to the Ecumenical Temple.
  6151 | Temple   | Found a transporter.
  6151 | Temple   | Found a transporter.
  6151 | Temple   | Found a transporter.
  6151 | Temple   | Found a transporter.
  6151 | Temple   | Entered the Ecumenical Temple
  6389 | D:7      | Reached skill level 9 in Earth Magic
  6719 | D:8      | Noticed Psyche
  6725 | D:8      | Killed Psyche
  6760 | D:8      | Found a transporter.
  6764 | D:8      | Found a transporter.
  6767 | D:8      | Noticed DaftaChap's ghost (novice MDFE)
  6850 | D:8      | Noticed Pikel
  6856 | D:8      | Killed Pikel
  6860 | D:8      | Noticed Jeremiah
  6889 | D:8      | Killed Jeremiah
  6890 | D:8      | Reached skill level 10 in Earth Magic
  6993 | D:8      | Noticed a two-headed ogre
  6999 | D:8      | Mangled by a two-headed ogre

Illustrated notes

Levels and vault maps discovered:
D:1:      amcnicky_arrival_gap_in_the_tavern_cellar, layout_loops_corners,
          dreamdust_mushroom_princess
D:2:      layout_rooms, basic_altar, minmay_door_square,
          guppyfry_early_lair_pool, uniq_natasha, uniq_jessica
D:3:      layout_loops_cross, mainiacjoe_overflow_cross_hatched,
          nicolae_wu_jian_wuxing_cycle
D:4:      layout_basic, minmay_manual_macuahuitl, uniq_ijyb
D:5:      layout_basic, overflow_temple_1_default, marbit_many_paths,
          minmay_misc_feat_hallway
D:6:      layout_cave_pools, minmay_quadrilaterals
D:7:      layout_gridville, minmay_temple_entry_purple_smoke
D:8:      layout_loops_ring, mainiacjoe_overflow_six_doors_small,
          gammafunk_ghost_stat_death, uniq_psyche, uniq_pikel, uniq_jeremiah
Temple:   hellmonk_temple_divided_pantheon

Skill      XL: |  1  2  3  4  5  6  7  8  9 |
---------------+----------------------------+-----
Earth Magic    | 4 5 6 7 8 10 | 10.0
Conjurations   | 2 3 4 5 7 8 |  8.6
Spellcasting   | 3 4 5 6 7 |  7.5
Dodging        | |  1.5
Stealth        | |  2.1

Action                     |  1- 3 |  4- 6 |  7- 9 || total
---------------------------+-------+-------+-------++-------
  Melee: Unarmed           |    10 |       |       ||    10
         Dagger            |     6 |     1 |       ||     7
         Staff             |       |     1 |     8 ||     9
   Cast: Sandblast         |    34 |    87 |   105 ||   226
         Stone Arrow       |       |       |    31 ||    31
    Use: Scroll            |       |       |     6 ||     6
 Armour: Robe              |    11 |    24 |    75 ||   110
  Dodge: Dodged            |    14 |    21 |    56 ||    91

Table legend: (Time is in decaauts)
 A = Elapsed time spent in this place.
 B = Non-inter-level travel time spent in this place.
 C = Inter-level travel time spent in this place.
 D = Time resting spent in this place.
 E = Time spent auto-exploring this place.
 F = Levels seen in this place.
 G = Mean time per level.
                   A        B        C        D        E       F      G
               +--------+--------+--------+--------+--------+-----+--------+
         Total |   7123 |   6712 |    411 |   1111 |   4654 |   9 |  791.4 |
       Dungeon |   7106 |   6703 |    403 |   1111 |   4654 |   8 |  888.2 |
        Temple |     17 |      9 |      8 |      0 |      0 |   1 |   17.0 |
               +--------+--------+--------+--------+--------+-----+--------+

Top non-repeatable levels by time:
     D:1: 1383 daAuts
     D:4: 1299 daAuts
     D:5: 1157 daAuts
     D:7: 895 daAuts
     D:6: 746 daAuts
     D:2: 669 daAuts
     D:3: 619 daAuts
     D:8: 334 daAuts
  Temple: 17 daAuts
